 Dungeon Crawl Stone Soup version 0.19-a0-1051-gdb7e7f8 (webtiles) character file.

2909 HAL9000 the Carver (level 9, -7/80 HPs)
             Began as a Minotaur Fighter on Aug 1, 2016.
             Was an Initiate of Ru.
             Succumbed to a ghost moth's poison
             ... on level 7 of the Dungeon.
             The game lasted 00:14:36 (6546 turns).

HAL9000 the Carver (Minotaur Fighter)               Turns: 6546, Time: 00:14:36

Health: -7/80      AC: 10    Str: 20 (21) XL:     9   Next: 49%
Magic:  0/8        EV:  8    Int:  4 (5)  God:    Ru [......]
Gold:   413        SH: 11    Dex: 12 (13) Spells: 0 memorised, 8 levels left

rFire  . . .     SeeInvis +     a - +0 long sword
rCold  . . .     Gourm    .     b - +0 scale mail
rNeg   . . .     Faith    .     c - +0 shield
rPois  .         Spirit   .     (helmet restricted)
rElec  .         Dismiss  .     F - +0 cloak
rCorr  .         Reflect  .     (no gloves)
SustAt .         Harm     .     w - +0 pair of boots
MR     .....                    (no amulet)
Stlth  ..........               (no ring)
                                C - ring of see invisible

@: lethally poisoned (-7 -> -115), not resistant to hostile enchantments,
extremely unstealthy
A: retaliatory headbutt, horns 2
a: Sacrifice Experience, Sacrifice an Eye, Sacrifice Skill, Reject Sacrifices,
Renounce Religion


You were on level 7 of the Dungeon.
You worshipped Ru.
Ru was noncommittal.
You were hungry.

You visited 2 branches of the dungeon, and saw 9 of its levels.

You collected 413 gold pieces.

Inventory:

Hand Weapons
 a - a +0 long sword (weapon)
Armour
 b - a +0 scale mail (worn)
 c - a +0 shield (worn)
 w - a +0 pair of boots (worn)
 F - a +0 cloak (worn)
Jewellery
 C - a ring of see invisible (left hand)
Wands
 M - a wand of flame (22/48)
 N - a wand of polymorph (7/24)
 Q - a wand of acid (7/15)
Scrolls
 g - a scroll of immolation {unknown}
 l - 2 scrolls of random uselessness {unknown}
 p - 4 scrolls of enchant weapon {unknown}
 q - a scroll of amnesia {unknown}
 r - a scroll of fog {unknown}
 s - 3 scrolls of enchant armour {unknown}
 t - 3 scrolls of fear {unknown}
 y - a scroll of teleportation {unknown}
 A - a scroll of magic mapping {unknown}
 B - 2 scrolls of blinking {unknown}
 I - a scroll of recharging {unknown}
 K - 2 scrolls of remove curse {unknown}
Potions
 i - 3 potions of lignification
 j - 2 potions of brilliance
 m - 2 potions of flight
 n - 2 potions of cancellation
 u - 3 potions of curing
 x - a potion of agility
 z - 2 potions of ambrosia
 E - 3 potions of magic
 G - a potion of heal wounds
 P - a potion of resistance {unknown}
Comestibles
 f - 6 bread rations
 k - 4 meat rations
 J - a slice of pizza
 L - 2 beef jerkies


   Skills:
 + Level 7.6 Fighting
 * Level 10.6 Long Blades
 + Level 7.9 Armour
 + Level 7.7 Shields


You had 8 spell levels left.
You didn't know any spells.

Dungeon Overview and Level Annotations

Branches:
Dungeon (8/15)             Temple (1/1) D:5
   Lair: D:8-11

Altars:
Ashenzari
Cheibriados
Dithmenos
Elyvilon
Fedhas
Gozag
Hepliaklqana
Kikubaaqudgha
Makhleb
Nemelex Xobeh
Okawaru
Pakellas
Qazlal
Ru
Sif Muna
Trog
Uskayaw
Vehumet
Xom
Yredelemnul
Zin
The Shining One

Shops:
D:5 [}=


Innate Abilities, Weirdness & Mutations

You reflexively headbutt those who attack you in melee.
You have a pair of horns on your head.


Message History

The ghost moth stings you.
* * * LOW HITPOINT WARNING * * *
You are lethally poisoned!
The ghost moth poisons you!
Unknown command.
* * * LOW HITPOINT WARNING * * *
You feel very sick. The ghost moth stares at you.
There is a stone staircase leading up here.
* * * LOW HITPOINT WARNING * * *
You feel very sick. The ghost moth stares at you. The ghost moth hits you.
* * * LOW HITPOINT WARNING * * *
You block the ghost moth's attack. The ghost moth stings you.
* * * LOW HITPOINT WARNING * * *
You are more poisoned.
The ghost moth poisons you!
You climb upwards.
You die...

....# ##'## #.......# ##.##
##...## ####.#### #.###
##.....## ### #.# #.#.##
##.......## ##.###.#
##....####.........####...##.#
.........'.........'.......#.#
#.....####.........####..)##.###
.....## ##.......## ##.#)....#
......# ##....@## ###.....#
.....## ##..y## #.....# #...##
##'## #<....# ###.# #.# #.....#
#.# #.############.####
###.##########..........# #.#
................#######.# #.#
##############...######.###.#
##...........######.........#


You could see a ghost moth (invisible).

Vanquished Creatures
  3 yaks (D:6)
  A hippogriff (D:4)
  The ghost of Xiguana the Skirmisher, an amateur DsFi (D:4)
  An orc warrior (D:7)
  2 ogres (D:4)
  2 sky beasts
  A phantom (D:7)
  2 centaurs
  4 giant frogs
  A water moccasin zombie (D:5)
  4 wights (D:4)
  3 crimson imps (D:5)
  A centaur zombie (D:5)
  5 hounds
  Crazy Yiuf (D:5)
  4 orc priests
  2 iguanas
  7 worker ants
  5 orc wizards
  2 hound skeletons
  3 gnolls (D:5)
  10 adders
  An ooze (D:4)
  An adder skeleton (D:4)
  2 worms
  A dart slug (D:3)
  2 giant geckos
  16 orcs
  A ball python (D:1)
  8 bats
  6 giant cockroaches
  11 hobgoblins
  8 jackals
  14 kobolds
  5 quokkas
  8 giant newts
  10 goblins
  A rat (D:1)
160 creatures vanquished.

Notes
Turn   | Place    | Note
-------+----------+-------------------------------------------
     0 | D:1      | HAL9000 the Minotaur Fighter began the quest for the Orb.
     0 | D:1      | Reached XP level 1. HP: 19/19 MP: 0/0
    71 | D:1      | Reached skill level 3 in Long Blades
    82 | D:1      | Reached XP level 2. HP: 26/26 MP: 1/1
   633 | D:2      | Reached skill level 4 in Long Blades
   640 | D:2      | Reached XP level 3. HP: 29/31 MP: 2/2
  1163 | D:2      | Reached skill level 5 in Long Blades
  1280 | D:3      | Reached XP level 4. HP: 39/40 MP: 3/3
  1821 | D:4      | Noticed a hippogriff
  1825 | D:4      | Reached XP level 5. HP: 42/46 MP: 4/4
  1840 | D:4      | Killed a hippogriff
  1840 | D:4      | Reached skill level 6 in Long Blades
  1840 | D:4      | Reached XP level 6. HP: 23/53 MP: 5/5
  2346 | D:4      | Reached skill level 5 in Fighting
  2346 | D:4      | Reached skill level 5 in Armour
  2458 | D:4      | Noticed Xiguana's ghost (amateur DsFi)
  2614 | D:4      | Reached skill level 7 in Long Blades
  2614 | D:4      | Reached XP level 7. HP: 49/61 MP: 6/6
  2648 | D:4      | Reached skill level 5 in Shields
  2712 | D:4      | Killed Xiguana's ghost
  2869 | D:4      | Found an opulent altar of Gozag.
  3314 | D:5      | Entered Level 5 of the Dungeon
  3383 | D:5      | Reached skill level 8 in Long Blades
  3413 | D:5      | Reached XP level 8. HP: 45/70 MP: 7/7
  3615 | D:5      | Found a staircase to the Ecumenical Temple.
  3639 | Temple   | Entered the Ecumenical Temple
  3885 | Temple   | Became a worshipper of Ru the Awakened
  3959 | D:5      | Found a runed door.
  4013 | D:5      | Noticed Crazy Yiuf
  4020 | D:5      | Killed Crazy Yiuf
  4092 | D:5      | Found Xoxowol's Jewellery Shoppe.
  4137 | D:5      | Found Defiuluo's Gadget Boutique.
  4162 | D:5      | Reached skill level 9 in Long Blades
  4292 | D:5      | Found Butadeasm's Armour Emporium.
  4697 | D:6      | Reached XP level 9. HP: 35/79 MP: 8/8
  5456 | D:7      | Reached skill level 10 in Long Blades
  6528 | D:8      | Noticed a four-headed hydra
  6530 | D:8      | Noticed a ghost moth
  6530 | D:8      | a four-headed hydra changed into a ghost moth
  6545 | D:8      | HP: 3/80 [ghost moth (4)]
  6546 | D:7      | Succumbed to a ghost moth's poison

Vault maps used:
D:1:      lightli_iron_boxes, supply_closet_lemuel
D:4:      nicolae_gozag_cash_rules_everything_around_me, minmay_hedge_maze
D:5:      first_bread, serial_shops, kennysheep_mini, nicolae_shop_behind_doors,
          nicolae_shop_crystal, uniq_crazy_yiuf_cottage
D:7:      kennysheep_spiral_hall
Temple:   nicolae_temple_the_god_donut

Skill      XL: |  1  2  3  4  5  6  7  8  9 |
---------------+----------------------------+-----
Long Blades    | 3 4 5 6 7 8 9 10 | 10.6
Armour         | 4 5 7 |  7.9
Fighting       | 4 5 6 7 |  7.6
Shields        | 4 5 6 7 |  7.7

Action                   |  1- 3 |  4- 6 |  7- 9 || total
-------------------------+-------+-------+-------++-------
Melee: Long sword        |   110 |   137 |   338 ||   585
       Headbutt          |    16 |    17 |    65 ||    98
Evoke: Wand              |       |       |     1 ||     1
  Use: Potion            |       |     1 |     2 ||     3
       Scroll            |       |     6 |     2 ||     8
  Eat: Chunk             |     1 |     5 |     7 ||    13
       Meat ration       |       |       |     1 ||     1
Armor: Scale mail        |    32 |    62 |   102 ||   196
Dodge: Dodged            |    32 |    36 |    68 ||   136
Block: Shield            |    50 |    61 |   128 ||   239
